 Dungeon Crawl Stone Soup version 0.31-a0-986-g5e6e4ef867 (webtiles) character file.

Game seed: 7257779696786558619

13719 LeprechaunX the Mimic (level 12, -1/77 HPs)
             Began as an Octopode Shapeshifter on Nov 20, 2023.
             Was an Elder of Hepliaklqana.
             Slain by a catoblepas (8 damage)
             ... while petrified by a catoblepas
             ... on level 1 of the Lair of Beasts.
             The game lasted 00:20:16 (12717 turns).

LeprechaunX the Mimic (Octopode Shapeshifter)      Turns: 12717, Time: 00:20:16

Health: -1/77      AC:  1    Str: 16    XL:     12   Next: 9%
Magic:  13/13      EV:  2    Int: 13    God:    Hepliaklqana [****..]
Gold:   732        SH:  0    Dex: 13    Spells: 10/13 levels left

rFire   . .          .
                       - Unarmed
rCold   . . .        (no shield)
rNeg    + + +        (helmet restricted)
rPois   ∞            (no amulet)
rElec   .            m - +5 ring of evasion
rCorr   +            B - ring of resist corrosion
SInv    .            H - ring of positive energy
Will    +....        K - ring of willpower
Stlth   ++           (no ring)
HPRegen 0.32/turn    (no ring)
MPRegen 0.13/turn    (no ring)
                     (no ring)

%: no passive effects
@: maw-form, petrified
A: devouring maw, reduced essence, almost no armour, amphibious, 8 rings,
camouflage 1, gelatinous body 1, (nimble swimmer 1), tentacles
a: Begin Untransformation, Renounce Religion, Recall Ancestor, Ancestor
Identity, Transference, Idealise


You were on level 1 of the Lair of Beasts.
You worshipped Hepliaklqana.
Hepliaklqana was greatly pleased with you.
You were a creature with a mouth for a stomach.
You visited 3 branches of the dungeon, and saw 14 of its levels.

You collected 732 gold pieces.

Inventory:

Hand Weapons
 a - a +0 longbow
Missiles
 d - 4 throwing nets
 J - 4 boomerangs
Jewellery
 m - a +5 ring of evasion (left tentacle)
 B - a ring of resist corrosion (right tentacle)
 G - a ring of ice
 H - a ring of positive energy (on tentacle)
 K - a ring of willpower (on tentacle)
Talismans
 b - a beast talisman
 c - a flux talisman
 F - a maw talisman (active)
Wands
 w - a wand of paralysis (13)
 C - a wand of flame (29) (quivered)
 I - a wand of mindburst (17)
 L - a wand of light (12)
Scrolls
 e - 2 scrolls of revelation
 f - a scroll of teleportation {unknown}
 g - 3 scrolls of blinking
 h - 3 scrolls of fear
 j - 5 scrolls of immolation
 k - 4 scrolls of noise
 l - a scroll of brand weapon {unknown}
 p - a scroll of enchant armour {unknown}
 r - 2 scrolls of vulnerability {unknown}
 t - a scroll of silence {unknown}
 u - a scroll of fog {unknown}
 y - 4 scrolls of poison {unknown}
 D - 2 scrolls of amnesia {unknown}
 M - 2 scrolls of identify
Potions
 i - 2 potions of degeneration {unknown}
 n - 3 potions of enlightenment
 o - 2 potions of ambrosia
 q - 2 potions of haste {unknown}
 s - 4 potions of berserk rage
 v - 6 potions of curing
 x - 3 potions of brilliance
 z - 2 potions of lignification
 A - 2 potions of mutation {unknown}
 E - 2 potions of heal wounds {unknown}
 N - a potion of attraction {unknown}


   Skills:
 + Level 9.5 Fighting
 + Level 2.4 Dodging
 + Level 6.1 Unarmed Combat
 + Level 1.0 Spellcasting
 + Level 1.1 Ice Magic
 + Level 1.2 Invocations
 - Level 9.0 Evocations
 * Level 12.5 Shapeshifting


You had 10 spell levels left.
You knew the following spells:

 Your Spells              Type           Power      Damage    Failure   Level
a - Ozocubu's Armour      Ice            3%         N/A       47%         3

Your spell library contained the following spells:

 Spells                   Type           Power      Damage    Failure   Level
 Foxfire                  Conj/Fire      0%         2x1d4     28%         1
 Magic Dart               Conj           0%         1d3       28%         1
 Ensorcelled Hibernation  Hex/Ice        4%         N/A       34%         2
 Cigotuvi's Dreadful Rot  Necr/Pois/Air  0%         N/A       38%         2
 Passwall                 Tmut/Erth      0%         N/A       38%         2
 Searing Ray              Conj           0%         2d4       38%         2
 Hailstorm                Conj/Ice       2%         3d3       56%         3
 Ignite Poison            Fire/Tmut/Pois 0%         N/A       63%         3
 Swiftness                Air            0%         N/A       63%         3
 Summon Ice Beast         Ice/Summ       2%         N/A       92%         4
 Fulminant Prism          Conj/Hex       0%         3d5       95%         4
 Passage of Golubria      Tloc           0%         N/A       95%         4
 Metabolic Englaciation   Hex/Ice        1%         N/A       99%         5
 Freezing Cloud           Conj/Ice/Air   0%         6-21      100%        5
 Silence                  Hex/Air        0%         N/A       100%        5
 Plasma Beam              Fire/Air       0%         2x1d10    100%        6
 Simulacrum               Ice/Necr       1%         N/A       100%        6
 Starburst                Conj/Fire      0%         6d3       100%        6
 Lehudib's Crystal Spear  Conj/Erth      0%         10d2      100%        8


Dungeon Overview and Level Annotations

Branches:
Dungeon (12/15)            Temple (1/1) D:5            Lair (1/5) D:10
    Orc (0/2) D:9

Altars:
Ashenzari
Cheibriados
Dithmenos
Elyvilon
Fedhas
Gozag
Hepliaklqana
Kikubaaqudgha
Makhleb
Nemelex Xobeh
Okawaru
Qazlal
Ru
Sif Muna
Trog
Uskayaw
Vehumet
Wu Jian
Xom
Yredelemnul
Zin
The Shining One

Shops:
D:1 !   D:4 *   D:9 :

Annotations:
D:4 1 runed translucent door, Crazy Yiuf
D:8 1 runed translucent door, wally255's ghost, novice TrMo
D:10 exclusion: orange crystal statue


Innate Abilities, Weirdness & Mutations

You are a creature with a mouth for a stomach.
Your midsection houses a second, enormous mouth.
You are immune to poison.
Your life essence is reduced to manifest your ancestor. (-10% HP)
You cannot wear most types of armour.
You are amphibious.
You can wear up to eight rings at the same time.
Your skin changes colour to match your surroundings (Stealth+).
Your rubbery body absorbs attacks. (AC +1, EV +1)
((You are camouflaged when in or above water. (Stealth+)))
You have tentacles for arms and can constrict up to eight enemies at once.


Message History

The catoblepas gores Dube!!
You are engulfed in calcifying dust.
The komodo dragon is no longer petrified.
Dube hits the catoblepas with a +0 quarterstaff!
The catoblepas gores Dube!!
Dube is destroyed!
The catoblepas bellows!
You are engulfed in calcifying dust. x2
The catoblepas gores you!!
You turn to flesh and can move again.
The catoblepas attacks as it pursues you!
The catoblepas gores you.
You tentacle-slap the catoblepas.
You squeeze the catoblepas, but do no damage.
You bite the catoblepas.
The catoblepas is severely wounded.
The catoblepas gores you!
You barely miss the catoblepas.
You bite the catoblepas, but do no damage.
The catoblepas is severely wounded.
The catoblepas breathes a plume of calcifying dust at you.
The blast of calcifying dust hits you!
Unknown command.
You tentacle-slap the catoblepas.
You squeeze the catoblepas, but do no damage.
You bite the catoblepas!
The catoblepas is almost dead.
You are engulfed in calcifying dust.
You are slowing down.
The catoblepas closely misses you. The catoblepas gores you!!
* * * LOW HITPOINT WARNING * * *
Your limbs are stiffening.
You completely miss the catoblepas. You bite the catoblepas.
The catoblepas is almost dead.
The catoblepas closely misses you.
You have turned to stone.
The catoblepas gores you!!
* * * LOW HITPOINT WARNING * * *
The catoblepas gores you!
You die...

.......#......#.. #~##
#...#.#....##.# . #R~~
#.#.....#.......+.#+
.##~~
+...8...+...8...#...
.#~#~ #.....#..........
..#~#~ #...#...#.#...#.
...#~#~ #.....###.....##
#...#~## #.#+## ####Y#l#.
+....#~## #
##...§W##.##+#.....#~##
..#....§####.#..##...#~##
.8.....§.............#~~#
.....................#~~#
.##..................#~~#
#...................##~#
......................#~#
#.#.#.....#P########..#R#
#...#.....### #.....


You could see a catoblepas and a komodo dragon.

Vanquished Creatures
  A catoblepas (D:11)
  A two-headed ogre (D:11)
  An ugly thing (D:12)
  A black mamba (Lair:1)
  An unseen horror (D:11)
  An unseen horror zombie (D:9)
  A troll (D:10)
  A hornet (D:9)
  Sigmund (D:2)
  2 wyverns
  A shadow (D:11)
  9 yaks
  3 water moccasins
  2 orc warriors
  A black bear (D:5)
  3 ice beasts
  3 ogres (D:5)
  2 centaurs
  3 kobold brigands
  6 bullfrogs
  A gnoll sergeant (D:8)
  3 scorpions
  A necrophage (D:9)
  3 wights
  6 killer bees
  2 howler monkeys
  2 centaur zombies (D:9)
  2 hounds (D:5)
  An orc priest (D:5)
  An iguana (D:7)
  A sleepcap (D:7)
  5 orc wizards
  11 gnolls
  11 adders
  A shadow imp (D:7)
  2 white imps (D:8)
  2 ufetubi (D:5)
  3 worms (D:2)
  3 dart slugs
  14 orcs
  11 ball pythons
  7 bats
  4 endoplasms
  7 giant cockroaches
  6 goblins
  9 hobgoblins
  5 jackals
  23 kobolds
  5 quokkas
  4 frilled lizards
  6 rats
206 creatures vanquished.

Vanquished Creatures (collateral kills)
  Harold (D:9)
  Erica (D:9)
  2 two-headed ogres
  An unseen horror (D:11)
  An unseen horror zombie (D:9)
  2 trolls (D:11)
  A wraith (D:10)
  5 yaks
  A steam dragon (D:10)
  A water moccasin (D:10)
  An orc warrior (D:11)
  A sky beast (D:8)
  2 centaurs (D:9)
  2 bullfrogs (D:10)
  A gnoll sergeant (D:8)
  A scorpion (D:6)
  A necrophage (D:9)
  6 wights
  A killer bee (D:8)
  A hound (D:6)
  A human zombie (D:9)
  An orc priest (D:9)
  2 orc wizards (D:11)
  4 gnolls
  6 orcs
  3 kobolds (D:10)
50 creatures vanquished.

Vanquished Creatures (others)
  5 battlemagi
  An orc wizard (D:3)
  5 ancestors
11 creatures vanquished.

Grand Total: 267 creatures vanquished

Notes
Turn   | Place    | Note
-------+----------+-------------------------------------------
     0 | D:1      | LeprechaunX the Octopode Shapeshifter began the quest for
                  | the Orb.
     0 | D:1      | Reached XP level 1. HP: 13/13 MP: 1/1
    67 | D:1      | Reached XP level 2. HP: 11/18 MP: 2/2
   251 | D:1      | Found a faded altar of an unknown god.
   386 | D:1      | Reached XP level 3. HP: 23/23 MP: 3/3
   506 | D:1      | Found Kitugeits's Distillery.
   958 | D:2      | Reached XP level 4. HP: 10/29 MP: 4/4
  1208 | D:2      | Noticed Sigmund
  1218 | D:2      | Killed Sigmund
  1219 | D:2      | Reached skill level 4 in Shapeshifting
  1219 | D:2      | Reached XP level 5. HP: 36/36 MP: 5/5
  1219 | D:2      | Reached XP level 6. HP: 41/41 MP: 6/6
  1971 | D:3      | Learned a level 3 spell: Ozocubu's Armour
  2044 | D:3      | Reached skill level 5 in Shapeshifting
  2601 | D:4      | Found Tiem's General Store.
  2618 | D:4      | Identified the +13 chain mail of Curiosity {Harm rC- rCorr
                  | MP-9}
  3052 | D:4      | Found a runed translucent door.
  3053 | D:4      | Noticed Crazy Yiuf
  3288 | D:5      | Entered Level 5 of the Dungeon
  3307 | D:5      | Reached XP level 7. HP: 14/46 MP: 7/7
  3567 | D:5      | Found a staircase to the Ecumenical Temple.
  3850 | Temple   | Entered the Ecumenical Temple
  3904 | Temple   | Became a worshipper of Hepliaklqana the Forgotten
  3997 | D:5      | Reached skill level 5 in Unarmed Combat
  3997 | D:5      | Reached skill level 6 in Shapeshifting
  4177 | D:5      | You fall into a shaft and drop 3 floors!
  4245 | D:8      | Found a hide-covered altar of Uskayaw.
  4247 | D:8      | Noticed a +0 hand axe
  4247 | D:8      | Noticed a +0 dagger
  4336 | D:8      | Reached XP level 8. HP: 54/54 MP: 8/8
  4441 | D:8      | Reached skill level 1 in Evocations
  4823 | D:6      | Reached skill level 7 in Shapeshifting
  5011 | D:5      | Reached skill level 5 in Fighting
  5527 | D:6      | Found a radiant altar of Vehumet.
  5728 | D:6      | Reached XP level 9. HP: 61/61 MP: 9/9
  5787 | D:6      | Reached * piety under Hepliaklqana
  6050 | D:6      | Found a shimmering blue altar of Sif Muna.
  6145 | D:6      | Reached skill level 8 in Shapeshifting
  7780 | D:7      | Reached skill level 5 in Evocations
  7780 | D:7      | Reached skill level 9 in Shapeshifting
  7962 | D:8      | Reached XP level 10. HP: 62/62 MP: 7/10
  8024 | D:8      | Found a runed translucent door.
  8027 | D:8      | Noticed wally255's ghost (novice TrMo)
  8080 | D:8      | Reached ** piety under Hepliaklqana
  8081 | D:8      | Remembered your ancestor Dube as a battlemage
  8858 | D:9      | Noticed a two-headed ogre
  9088 | D:9      | Noticed Harold
  9098 | D:9      | Killed Harold
  9099 | D:9      | Reached skill level 10 in Shapeshifting
  9110 | D:9      | Killed a two-headed ogre
  9117 | D:9      | Found Madghave's Self-Improvement Boutique.
  9128 | D:9      | Noticed Erica
  9133 | D:9      | Killed Erica
  9338 | D:9      | Found a staircase to the Orcish Mines.
  9608 | D:9      | Reached XP level 11. HP: 50/69 MP: 11/11
  9619 | D:9      | Reached skill level 11 in Shapeshifting
  9771 | D:9      | Found an ancient bone altar of Kikubaaqudgha.
  9874 | D:10     | Entered Level 10 of the Dungeon
 10042 | D:10     | Noticed a two-headed ogre
 10046 | D:10     | Killed a two-headed ogre
 10213 | D:10     | Reached *** piety under Hepliaklqana
 10214 | D:10     | Found a staircase to the Lair.
 10497 | D:10     | Noticed an orange crystal statue
 11059 | D:11     | Identified the +7 battleaxe "Zois" {flame, rC- Will- Int+8
                  | SInv}
 11234 | D:11     | Noticed a two-headed ogre
 11239 | D:11     | Killed a two-headed ogre
 11309 | D:11     | Reached skill level 12 in Shapeshifting
 12081 | D:11     | Noticed a catoblepas
 12088 | D:11     | Killed a catoblepas
 12306 | D:12     | Noticed a purple ugly thing
 12315 | D:12     | Killed a purple ugly thing
 12350 | D:13     | Identified the "Iklyiffa"
 12350 | Lair:1   | Entered Level 1 of the Lair of Beasts
 12359 | Lair:1   | Reached XP level 12. HP: 30/77 MP: 9/12
 12365 | Lair:1   | Reached skill level 1 in Invocations
 12575 | Lair:1   | Reached **** piety under Hepliaklqana
 12592 | Lair:1   | Reached skill level 1 in Spellcasting
 12592 | Lair:1   | Reached skill level 1 in Ice Magic
 12696 | Lair:1   | Noticed a catoblepas
 12717 | Lair:1   | Slain by a catoblepas

Illustrated notes

Levels and vault maps discovered:
D:1:      reono_arrival_forest_river, layout_loops_ring,
          ebering_ecumenical_altar_rust, serial_shops, shop_statue,
          kennysheep_boxes
D:2:      minmay_skewed_foursquare, layout_basic, kennysheep_another_room,
          uniq_sigmund
D:3:      layout_basic, chequers_garden
D:4:      layout_basic, serial_shops, nicolae_shop_gibbet_a_chance,
          uniq_crazy_yiuf_cottage
D:5:      layout_loops_ring, minmay_temple_entry_large_hall
D:6:      layout_layer_cave, mainiacjoe_overflow_catch_the_wave,
          minmay_misc_feat_hallway, kb_lookout_dungeons_type
D:7:      layout_loops_ring, kennysheep_generic_room_12
D:8:      layout_loops_ring, dancing_weapons_uskayaw,
          ebering_ghost_reflecting_pool, kennysheep_nub
D:9:      layout_basic, lemuel_mausoleum_altar_kikubaaqudgha,
          nicolae_shop_self_help, uniq_erica, uniq_harold
D:10:     layout_cave_pools, due_lair_maze_entry_diamond,
          minmay_protected_statue
D:11:     layout_cave_pods
D:12:     layout_basic
Temple:   dpeg_five_rooms_temple
Lair:1:   layout_regular_city, chequers_serial_rivers_large_b,
          serial_bayou_pond_c, grunt_megastairs_1, uniq_fannar, uniq_gastronok

Skill      XL: |  1  2  3  4  5  6  7  8  9 10 11 12 |
---------------+-------------------------------------+-----
Fighting       | 2 3 4 5 6 8 9 |  9.5
Unarmed Combat | 4 5 6 |  6.1
Shapeshifting  | 4 5 6 7 9 10 12 | 12.5
Evocations     | 3 5 7 9 |  9.0
Invocations    | 1 |  1.2
Spellcasting   | 1 |  1.0
Ice Magic      | 1 |  1.1
Dodging        | |  2.4

Action                     |  1- 3 |  4- 6 |  7- 9 | 10-12 || total
---------------------------+-------+-------+-------+-------++-------
  Melee: Unarmed           |    79 |    98 |   185 |   143 ||   505
         Constrict         |    19 |    30 |    47 |    18 ||   114
         Tentacles         |    16 |    21 |    54 |    41 ||   132
         Punch             |     2 |     3 |    11 |     4 ||    20
         Maw               |       |       |       |    39 ||    39
   Fire: Shortbow          |       |       |    50 |     4 ||    54
         Longbow           |       |       |       |    53 ||    53
 Invoke: Recall Ancestor   |       |       |     2 |     1 ||     3
         Ancestor Life: Ba |       |       |       |     1 ||     1
  Evoke: Wand              |       |       |     2 |     2 ||     4
    Use: Scroll            |       |       |       |    11 ||    11
   Stab: Sleeping          |     9 |     6 |     8 |     2 ||    25
         Distracted        |       |     1 |     1 |     5 ||     7
         Paralysed         |       |       |     4 |       ||     4
 Armour: Skin              |    29 |    52 |    73 |   105 ||   259
  Dodge: Dodged            |    48 |    69 |   148 |   150 ||   415
   Form: Maw               |       |       |       |     1 ||     1

Table legend: (Time is in decaauts)
 A = Elapsed time spent in this place.
 B = Non-inter-level travel time spent in this place.
 C = Inter-level travel time spent in this place.
 D = Time resting spent in this place.
 E = Time spent auto-exploring this place.
 F = Levels seen in this place.
 G = Mean time per level.
                   A        B        C        D        E       F      G
               +--------+--------+--------+--------+--------+-----+--------+
         Total |  12712 |  12139 |    573 |   2105 |   8229 |  14 |  908.0 |
       Dungeon |  12239 |  11771 |    468 |   2008 |   8007 |  12 | 1019.9 |
        Temple |    106 |      2 |    104 |      0 |      0 |   1 |  106.0 |
          Lair |    365 |    365 |      0 |     97 |    222 |   1 |  365.0 |
               +--------+--------+--------+--------+--------+-----+--------+

Top non-repeatable levels by time:
     D:6: 1488 daAuts
     D:8: 1479 daAuts
     D:9: 1326 daAuts
     D:2: 1279 daAuts
    D:11: 1232 daAuts
     D:5: 1195 daAuts
    D:10: 1025 daAuts
     D:7: 1015 daAuts
     D:4: 827 daAuts
     D:1: 794 daAuts
     D:3: 513 daAuts
  Lair:1: 365 daAuts
  Temple: 106 daAuts
    D:12: 62 daAuts
